 Dungeon Crawl Stone Soup version 0.20-a0-673-g53087c7 (webtiles) character file.

181 Laan the Conjurer (level 5, -1/31 HPs)
             Began as an Octopode Fire Elementalist on Feb 18, 2017.
             Slain by Grinder (6 damage)
             ... while paralysed by Grinder
             ... on level 2 of the Dungeon.
             The game lasted 00:06:08 (2270 turns).

Laan the Conjurer (Octopode Fire Elementalist)      Turns: 2270, Time: 00:06:08

Health: -1/31      AC:  1    Str:  7    XL:     5   Next: 61%
Magic:  4/10       EV:  2    Int: 18    God:
Gold:   130        SH:  0    Dex: 13    Spells: 6/10 levels left

rFire    . . .     SeeInvis .   f - +1 trident (protect)
rCold    . . .     Gourm    .   (no shield)
rNeg     . . .     Faith    .   (helmet restricted)
rPois    .         Spirit   .   (no amulet)
rElec    .         Reflect  .   (no ring)
rCorr    .         Harm     .   (no ring)
MR       .....                  (no ring)
Stlth    +++.......             (no ring)
Regen    0.1/turn               (no ring)
MPRegen  0.2/turn               (no ring)
                                (no ring)
                                (no ring)

@: paralysed
A: almost no armour, stealthy swim, amphibious, 8 rings, constrict 8, camouflage
1, gelatinous body 1
a: no special abilities


You were on level 2 of the Dungeon.
You were hungry.

You visited 1 branch of the dungeon, and saw 3 of its levels.

You collected 130 gold pieces.

Inventory:

Hand Weapons
 f - a +1 trident of protection (weapon)
Scrolls
 d - 2 scrolls of enchant armour {unknown}
 m - a scroll of remove curse {unknown}
 o - 2 scrolls of fear {unknown}
 p - a scroll of noise {unknown}
Potions
 c - a potion of ambrosia {unknown}
 e - a potion of degeneration {unknown}
 i - a potion of haste {unknown}
 j - a potion of flight {unknown}
 k - a potion of heal wounds {unknown}
 n - a potion of agility {unknown}
 q - a potion of brilliance {unknown}
Books
 a - a book of Flames

   Spells                             Type                      Level
   a - Flame Tongue                   Conjuration/Fire             1
   b - Throw Flame                    Conjuration/Fire             2
   c - Conjure Flame                  Conjuration/Fire             3
   d - Inner Flame                    Hexes/Fire                   3
   e - Sticky Flame                   Conjuration/Fire             4
   f - Fireball                       Conjuration/Fire             5
Comestibles
 b - a bread ration
 g - a royal jelly
 h - 4 fruits
 l - a meat ration


   Skills:
 - Level 2.0 Dodging
 - Level 2.6 Stealth
 + Level 3.3 Spellcasting
 * Level 4.3 Conjurations
 - Level 3.0 Fire Magic


You had 6 spell levels left.
You knew the following spells:

 Your Spells              Type           Power        Failure   Level  Hunger
a - Flame Tongue          Conj/Fire      ###..        3%          1    None
b - Conjure Flame         Conj/Fire      ###.....     12%         3    ###....


Dungeon Overview and Level Annotations

Branches:
Dungeon (3/15)

Altars:
Nemelex Xobeh
Yredelemnul

Annotations:
D:2 Grinder


Innate Abilities, Weirdness & Mutations

You cannot wear most types of armour.
You are very stealthy in the water. (Stealth+)
You are amphibious.
You can wear up to eight rings at the same time.
You can use your tentacles to constrict eight enemies at once.
Your skin changes colour to match your surroundings (Stealth+).
Your rubbery body absorbs attacks. (AC +1, EV +1)


Message History

Aiming: Flame Tongue
Press: ? - help, Shift-Dir - straight line, f/p - Grinder
Aim: Grinder (moderately wounded)
The flame tongue hits Grinder.
Grinder is moderately wounded.
Grinder barely misses you.
Casting: Flame Tongue
Confirm with . or Enter, or press ? or * to list all spells.
Aiming: Flame Tongue
Press: ? - help, Shift-Dir - straight line, f/p - Grinder
Aim: Grinder (moderately wounded)
The flame tongue hits Grinder.
Grinder is moderately wounded.
Grinder gestures at you.
You suddenly lose the ability to move!
Grinder hits you. Grinder hits you!
* * * LOW HITPOINT WARNING * * *
You writhe in agony.
You die...

.....##............#.#.# #.# #.#
###...#.......)###.#.#.# #†# #.#
###.#.########.#.....#.# #.# #.#
'.#.#......##.......##.###.# #.#
#.#.#..###.##..#...........# #.#
#.#.#..###.##........#.##### #.#
#<#......#.##.......)..# #.#
#####....#.##....#.###########.##
.........'..)...@#.#...........<#
######...#.....#5#.#....#..###..#
.........#####.#.#.####.#........
.........## #.#.#.# #.#...#####
..........# #.#.#.####.#[...÷...
..........####.#........#.#.....#
..........'....#.#####..#.#######
..........####.#...<....#........
#######...##........(#.########.#


You could see Grinder.

Vanquished Creatures
  An ogre (D:3)
  Terence (D:2)
  A gnoll (D:1)
  An ooze (D:2)
  2 worms (D:2)
  2 dart slugs (D:1)
  3 leopard geckos
  An orc (D:2)
  2 giant cockroaches
  5 goblins
  3 hobgoblins
  2 jackals (D:1)
  4 kobolds
  2 quokkas (D:2)
  9 bats
  2 frilled lizards
  5 rats
  A spectral orc (D:2)
47 creatures vanquished.

Notes
Turn   | Place    | Note
-------+----------+-------------------------------------------
     0 | D:1      | Laan the Octopode Fire Elementalist began the quest for the Orb.
     0 | D:1      | Reached XP level 1. HP: 11/11 MP: 3/3
   294 | D:1      | Reached skill level 2 in Conjurations
   294 | D:1      | Reached XP level 2. HP: 16/17 MP: 0/5
   713 | D:1      | Reached XP level 3. HP: 21/21 MP: 3/6
  1588 | D:2      | Noticed Terence
  1597 | D:2      | Learned a level 3 spell: Conjure Flame
  1609 | D:2      | Killed Terence
  1609 | D:2      | Reached skill level 3 in Conjurations
  1609 | D:2      | Reached XP level 4. HP: 27/27 MP: 2/8
  1968 | D:2      | Found a basalt altar of Yredelemnul.
  2064 | D:2      | Found a sparkling altar of Nemelex Xobeh.
  2198 | D:3      | Noticed an ogre
  2204 | D:3      | Noticed Grinder
  2217 | D:3      | Killed an ogre
  2217 | D:3      | Reached skill level 4 in Conjurations
  2217 | D:3      | Reached XP level 5. HP: 31/31 MP: 5/10
  2268 | D:2      | Paralysed by Grinder for 7 turns
  2270 | D:2      | Slain by Grinder

Vault maps used:
D:1:      lightli_arrival_maybe_door_vault
D:2:      yredelemnul_forgotten_temple_becter, nemelex_dance_club_becter,
          uniq_terence
D:3:      old_standard_altar, hex_tiny, dk_noncrumbling_4, uniq_robin,
          uniq_grinder

Skill      XL: |  1  2  3  4 |
---------------+-------------+-----
Conjurations   | 2 3 4 |  4.3
Spellcasting   | 3 |  3.3
Dodging        | |  2.0
Stealth        | |  2.6
Fire Magic     | |  3.0

Action                   |  1- 3 |  4- 6 || total
-------------------------+-------+-------++-------
Melee: Unarmed           |    12 |       ||    12
       Constrict         |     2 |     8 ||    10
       Trident           |       |    37 ||    37
       Tentacles         |       |     3 ||     3
 Cast: Flame Tongue      |    55 |    12 ||    67
 Stab: Sleeping          |       |     8 ||     8
       Distracted        |       |     1 ||     1
  Eat: Chunk             |     2 |     2 ||     4
Armor: Skin              |     4 |     9 ||    13
Dodge: Dodged            |    30 |    16 ||    46
